 Dungeon Crawl Stone Soup version 0.29.0-4-gdea44cf6ec (webtiles) character file.

Game seed: 16447388635833457830

62 qw the Ruffian (level 4, -4/35 HPs)
             Began as a Ghoul Fire Elementalist on Aug 29, 2022.
             Slain by Terence
             ... wielding a +0 falchion
              (9 damage)
             ... on level 2 of the Dungeon.
             The game lasted 00:01:51 (2093 turns).

qw the Ruffian (Ghoul Fire Elementalist)            Turns: 2093, Time: 00:01:51

Health: -4/35      AC:  5    Str: 13    XL:     4   Next: 8%
Magic:  5/5        EV: 10    Int: 10    God:
Gold:   42         SH:  0    Dex: 15    Spells: 5/6 levels left

rFire   . . .      SeeInvis .     - Unarmed
rCold   + . .      Faith    .   (no shield)
rNeg    + + +      Spirit   .   c - +0 ring mail
rPois   inf        Reflect  .   (no helmet)
rElec   .          Harm     .   (no cloak)
rCorr   .          Rampage  .   (no gloves)
Will    .....                   (no boots)
Stlth   +.........              (no amulet)
HPRegen 0.00/turn               g - +6 ring of dexterity
MPRegen 0.09/turn               (no ring)

@: inhibited regen
A: claws 1, cold resistance 1, negative energy resistance 3, inhibited
regeneration, torment resistance 2, devour on kill
a: no special abilities


You were on level 2 of the Dungeon.
You visited 1 branch of the dungeon, and saw 2 of its levels.

You collected 42 gold pieces.


Innate Abilities, Weirdness & Mutations

You are immune to poison.
You have sharp fingernails.
Your flesh is cold resistant. (rC+)
You are immune to negative energy. (rN+++)
You do not regenerate when monsters are visible.
You are immune to unholy pain and torment.
You thrive by killing the living.


   Skills:
 - Level 1.0 Fighting
 - Level 1.7 Dodging
 - Level 2.1 Stealth
 + Level 3.6 Unarmed Combat
 - Level 1.7 Spellcasting
 - Level 0.7 Conjurations
 - Level 2.4 Fire Magic


You had 5 spell levels left.
You knew the following spells:

 Your Spells              Type           Power      Damage    Failure   Level
a - Foxfire               Conj/Fire      16%        2x1d4     36%         1

Your spell library contained the following spells:

 Spells                   Type           Power      Damage    Failure   Level
 Scorch                   Fire           10%        2d5       36%         2
 Conjure Flame            Conj/Fire      4%         6-21      73%         3
 Inner Flame              Hex/Fire       3%         N/A       78%         3
 Flame Wave               Conj/Fire      4%         2d5       98%         4

Inventory:

Armour
 c - a +0 ring mail (worn)
Jewellery
 g - a +6 ring of dexterity (left claw)
Scrolls
 a - 2 scrolls of fear {unknown}
Potions
 h - a potion of curing {unknown}
 i - a potion of lignification {unknown}

Dungeon Overview and Level Annotations

Branches:
Dungeon (2/15)

Altars:

Annotations:
D:2 Terence


Message History

You barely miss Terence. Terence barely misses you.
You closely miss Terence. Terence hits you with a +0 falchion.
You scratch Terence.
Terence is moderately wounded.
Terence hits you with a +0 falchion.
You scratch Terence but do no damage.
Terence is moderately wounded.
You barely miss Terence.
Terence is moderately wounded.
Terence hits you but does no damage.
You scratch Terence but do no damage.
Terence is moderately wounded.
Terence closely misses you.
You scratch Terence but do no damage.
Terence is moderately wounded.
Terence closely misses you.
You scratch Terence but do no damage.
Terence is moderately wounded.
Terence hits you with a +0 falchion.
You scratch Terence but do no damage.
Terence is moderately wounded.
Terence barely misses you.
You scratch Terence but do no damage.
Terence is moderately wounded.
Terence hits you but does no damage.
You scratch Terence but do no damage.
Terence is moderately wounded.
A kobold comes into view. It is wielding a +0 dagger.
Terence hits you with a +0 falchion!
2091 ||| Stepping ~*~*~tactically~*~*~ (stealth).
Terence attacks as you move away! Terence hits you with a +0 falchion!
You scratch Terence.
Terence is moderately wounded.
Terence barely misses you.
You scratch Terence.
Terence is heavily wounded.
Terence hits you with a +0 falchion!
You die...

##########
%........#
..%..###.# #######
#.....##.# #.....#
.......#.####.....#
..................#
.......#.####.....#
#^....#.........@.#
#.....#..######.#@#
#.#.#.#<.# #.#.#
.....#...# #.#.#
....#.##.# .....
### #. ... ..... #
#.# ###.... #.
#.... #K...#


You could see Terence.

Vanquished Creatures
  An adder (D:2)
  3 worms (D:2)
  7 endoplasms
  A giant cockroach (D:1)
  6 goblins
  2 hobgoblins (D:1)
  A kobold (D:2)
  2 quokkas
  A ball python (D:1)
  A bat (D:2)
  A frilled lizard (D:1)
  21 rats
47 creatures vanquished.

Notes
Turn   | Place    | Note
-------+----------+-------------------------------------------
     0 | D:1      | qw the Ghoul Fire Elementalist began the quest for the Orb.
     0 | D:1      | Reached XP level 1. HP: 14/14 MP: 2/2
     0 | D:1      | 0 ||| qw: Version: 0.1-a-90-g952f4b7
     0 | D:1      | 0 ||| qw: Game counter: 4231
     0 | D:1      | 0 ||| qw: Always use a shield: true
     0 | D:1      | 0 ||| qw: God list: Okawaru
     0 | D:1      | 0 ||| qw: Allow faded altars: false
     0 | D:1      | 0 ||| qw: Do Orc after D:15 true
     0 | D:1      | 0 ||| qw: Do second Lair branch before Depths: true
     0 | D:1      | 0 ||| qw: Lair rune preference: random
     0 | D:1      | 0 ||| qw: Plans: Normal
     0 | D:1      | 0 ||| PLANNING D:1-11
   248 | D:1      | Reached skill level 1 in Unarmed Combat
   349 | D:1      | Reached skill level 1 in Fighting
   349 | D:1      | Reached XP level 2. HP: 19/23 MP: 3/3
   552 | D:1      | Found a faded altar of an unknown god.
   954 | D:1      | Reached skill level 2 in Unarmed Combat
   967 | D:1      | 967 ||| UPGRADING to +0 ring mail.
   977 | D:1      | 977 ||| DROPPING +0 robe.
   978 | D:1      | 978 ||| UPGRADING to +6 ring of dexterity.
   979 | D:1      | 979 ||| READING 2 scrolls labelled QASTAPUMOD.
   984 | D:1      | 984 ||| READING scroll labelled URUMOU TUHEKHUTISS.
   985 | D:1      | 985 ||| READING scroll labelled JAUVESHR GEDD.
   986 | D:1      | 986 ||| DROPPING potion of magic.
   997 | D:2      | 997 ||| STAIRDANCE
  1120 | D:2      | 1120 ||| Stepping ~*~*~tactically~*~*~ (stealth).
  1132 | D:2      | Reached XP level 3. HP: 23/28 MP: 4/4
  1324 | D:2      | Noticed Terence
  1326 | D:2      | 1326 ||| Stepping ~*~*~tactically~*~*~ (stealth).
  1330 | D:2      | 1330 ||| Stepping ~*~*~tactically~*~*~ (stealth).
  1336 | D:2      | HP: 5/28 [Terence/+0 falchion (9)]
  1337 | D:2      | 1337 ||| READING scroll of teleportation.
  1666 | D:2      | 1666 ||| Stepping ~*~*~tactically~*~*~ (outnumbered).
  1677 | D:2      | Reached skill level 3 in Unarmed Combat
  1717 | D:2      | 1717 ||| Stepping ~*~*~tactically~*~*~ (outnumbered).
  1720 | D:2      | 1720 ||| Stepping ~*~*~tactically~*~*~ (outnumbered).
  2058 | D:2      | Reached XP level 4. HP: 35/35 MP: 5/5
  2091 | D:2      | 2091 ||| Stepping ~*~*~tactically~*~*~ (stealth).
  2091 | D:2      | HP: 5/35 [Terence/+0 falchion (9)]
  2093 | D:2      | Slain by Terence

Levels and vault maps discovered:
D:1:      dpeg_arrival_tiny_i, layout_rooms, hellmonk_ecumenical_altar_zigzags,
          hangedman_abyss_or_decor_lesser_grid
D:2:      layout_loops_ring, minmay_rat_hole, uniq_terence, uniq_sigmund

Skill      XL: |  1  2  3 |
---------------+----------+-----
Unarmed Combat | 1 2 3 |  3.6
Fighting       | 1 |  1.0
Dodging        | |  1.7
Stealth        | |  2.1
Spellcasting   | |  1.7
Conjurations   | |  0.7
Fire Magic     | |  2.4

Action                   |  1- 3 |  4- 6 || total
-------------------------+-------+-------++-------
Melee: Unarmed           |   200 |    15 ||   215
       Punch             |     2 |       ||     2
  Use: Scroll            |     4 |       ||     4
Armor: Robe              |    12 |       ||    12
       Ring mail         |    32 |     2 ||    34
Dodge: Dodged            |    66 |     6 ||    72

Table legend:
 A = Non-vault XP
 B = Vault XP
 C = Vault XP percentage of total XP
 D = Non-vault monster count
 E = Vault monster count
 F = Vault count percentage of total count
                 A         B        C        D         E       F
            +---------+---------+-------+---------+---------+-------
      Total |      69 |      20 |  22.5 |      28 |      19 |  40.4
            +---------+---------+-------+---------+---------+-------
        D:1 |      26 |       0 |   0.0 |      16 |       0 |   0.0
        D:2 |      43 |      20 |  31.7 |      12 |      19 |  61.3
            +---------+---------+-------+---------+---------+-------
